AoeStats
← 江培騰

Black Forest

510199982Analyzed
4v4 RM · 3d ago on Sep 29, 2026· 61m 22s· 8 players
Game mode
Random Map
Map size
Large (8 player)
Population
200
Speed
Normal
Resources
Standard
Victory
Conquest
Starting age
Dark Age
Ending age
Imperial Age
RankedLock teamsTeams togetherTeam positionsShared explorationLock speedFull tech treeHidden civsTurbo modeCheats
Victory
Defeat
🇺🇸 Bohemians · United States
925
+37
🇺🇸 Varangians · United States
885
+20
🇺🇸 Ethiopians · United States
861
+21
🇺🇸 Romans · United States
753
+25
1009
-22
🇮🇳 Malay · India
982
-22
🇳🇱 Spanish · Netherlands
976
-21
932
-20
gonna put some dirt in your eyes
0:34 Loom
14:39 Feudal Age
21:00 Castle Age
19:43 Horse Collar
19:58 Gold Mining
19:59 Stone Mining
19:59 Double-Bit Axe
23:22 Bow Saw
23:15 Heavy Plow
27:28 Town Watch
31:30 Gold Shaft Mining
30:48 Man-at-Arms
30:48 Pikeman
31:29 Squires
31:15 Arson
31:42 Forging
31:33 Scale Mail Armor
32:43 Treadmill Crane
32:57 Long Swordsman
34:14 Iron Casting
33:55 Chain Mail Armor
36:12 Imperial Age
34:21 Chieftains
34:44 Fletching
35:28 Town Patrol
36:33 Masonry
36:44 Ballistics
36:16 Two-Handed Swordsman
37:37 Crop Rotation
37:32 Conscription
38:17 Two-Man Saw
37:53 Architecture
38:24 Chemistry
37:16 Champion
40:20 Blast Furnace
39:51 Plate Mail Armor
45:03 Onager
52:42 Caravan
Badbrahmin
10:51 Feudal Age
10:33 Loom
15:34 Castle Age
13:58 Double-Bit Axe
14:03 Horse Collar
14:45 Gold Mining
14:45 Stone Mining
19:43 Bow Saw
27:24 Wheelbarrow
28:57 Gold Shaft Mining
28:58 Stone Shaft Mining
28:44 Hand Cart
30:41 Town Watch
33:36 Imperial Age
31:36 Forging
30:49 Man-at-Arms
32:02 Caravan
32:17 Long Swordsman
33:01 Forced Levy
33:27 Conscription
33:48 Iron Casting
32:43 Capped Ram
34:20 Town Patrol
34:01 Two-Handed Swordsman
35:42 Arson
35:57 Squires
35:19 Pikeman
37:04 Blast Furnace
36:00 Fletching
36:10 Padded Archer Armor
37:32 Heavy Plow
38:35 Siege Engineers
39:38 Chemistry
38:55 Onager
40:39 Elite Karambit Warrior
50:10 Guilds
50:31 Coinage
50:00 Bodkin Arrow
50:20 Leather Archer Armor
50:20 Masonry
49:55 Treadmill Crane
51:37 Halberdier
Ryu
10:26 Loom
12:12 Feudal Age
16:54 Castle Age
15:48 Double-Bit Axe
15:57 Stone Mining
19:44 Horse Collar
22:36 Gold Mining
24:37 Wheelbarrow
28:33 Bloodlines
30:59 Imperial Age
28:52 Bloodlines
29:14 Fletching
29:35 Town Watch
30:23 Town Patrol
31:08 Ballistics
32:08 Caravan
33:30 Hand Cart
33:22 Heavy Plow
33:34 Bow Saw
33:43 Husbandry
33:10 Cavalier
34:06 Forging
34:01 Scale Barding Armor
33:53 Bodkin Arrow
33:58 Padded Archer Armor
34:58 Conscription
34:33 Elite Conquistador
35:56 Iron Casting
35:53 Chain Barding Armor
37:14 Two-Man Saw
39:43 Paladin
42:43 Bracer
42:58 Leather Archer Armor
43:46 Blast Furnace
43:22 Plate Barding Armor
44:00 Chemistry
42:59 Light Cavalry
44:57 Ring Archer Armor
46:18 Scale Mail Armor
45:45 Hussar
victor.rodrigo159753
0:32 Loom
12:39 Feudal Age
14:49 Wheelbarrow
14:00 Horse Collar
14:45 Double-Bit Axe
18:50 Castle Age
28:57 Imperial Age
29:54 Chemistry
29:53 Fortified Wall
30:44 Heavy Plow
30:58 Bow Saw
32:12 Hand Cart
33:55 Caravan
35:40 Pikeman
36:21 Squires
36:06 Arson
37:28 Halberdier
37:38 Houfnice
38:45 Wagenburg Tactics
39:01 Conscription
41:55 Forging
41:46 Scale Mail Armor
49:08 Husbandry
48:29 Light Cavalry
50:29 Iron Casting
53:01 Chain Mail Armor
52:33 Elite Skirmisher
59:13 Two-Man Saw
58:23 Cavalier
60:07 Blast Furnace
59:39 Plate Mail Armor
59:15 Scale Barding Armor
SlimJimBrandon
0:28 Loom
14:36 Feudal Age
16:03 Double-Bit Axe
16:00 Horse Collar
18:16 Fletching
22:09 Castle Age
21:37 Scale Mail Armor
23:06 Bow Saw
22:58 Heavy Plow
23:47 Man-at-Arms
24:29 Squires
24:39 Stone Mining
27:41 Masonry
27:43 Fortified Wall
28:45 Chain Mail Armor
29:13 Town Watch
32:37 Bloodlines
34:14 Ballistas
34:21 Ballistas
34:18 Gold Mining
37:08 Imperial Age
35:23 Wheelbarrow
35:53 Scale Barding Armor
36:37 Long Swordsman
37:48 Forging
38:11 Conscription
38:42 Architecture
39:55 Heavy Scorpion
41:21 Siege Engineers
42:56 Ballistics
43:37 Chemistry
46:16 Comitatenses
50:08 Elite Skirmisher
52:02 Padded Archer Armor
51:58 Bodkin Arrow
52:05 Murder Holes
53:53 Legionary
57:08 Iron Casting
59:03 Caravan
59:23 Husbandry
60:40 Pikeman
江培騰
0:38 Loom
14:38 Feudal Age
15:03 Double-Bit Axe
17:51 Wheelbarrow
17:02 Town Watch
17:03 Horse Collar
19:50 Gold Mining
20:15 Stone Mining
25:26 Castle Age
26:44 Bow Saw
26:38 Heavy Plow
27:52 Gold Shaft Mining
27:55 Stone Shaft Mining
30:25 Hand Cart
31:22 Fortified Wall
34:14 Imperial Age
33:23 Ballistics
35:55 Chemistry
35:03 Siege Engineers
36:13 Two-Man Saw
35:44 Siege Engineers
38:34 Town Patrol
42:28 Heavy Scorpion
43:27 Torsion Engines
43:48 Conscription
49:52 Caravan
55:40 Coinage
Iceman7
0:27 Loom
12:48 Feudal Age
13:33 Double-Bit Axe
15:50 Horse Collar
16:06 Stone Mining
20:45 Castle Age
20:44 Gold Mining
21:11 Forging
20:52 Fletching
22:56 Heavy Plow
26:28 Wheelbarrow
27:59 Bow Saw
32:22 Imperial Age
31:09 Ballistics
32:39 Iron Casting
34:13 Caravan
35:07 Crop Rotation
35:30 Hand Cart
35:03 Town Watch
36:03 Stone Shaft Mining
35:39 Siege Engineers
36:34 Chemistry
36:58 Two-Man Saw
36:13 Bodkin Arrow
36:20 Scale Mail Armor
37:43 Blast Furnace
37:12 Town Patrol
37:20 Bracer
38:47 Chain Mail Armor
38:38 Scale Barding Armor
37:59 Vendel Legacy
37:59 Gothikon
39:00 Conscription
38:54 Bloodlines
38:45 Husbandry
39:29 Murder Holes
39:44 Fortified Wall
39:46 Masonry
39:38 Elite Varangian Guard
40:05 Arson
40:22 Squires
40:07 Gambesons
39:52 Cavalier
41:29 Plate Mail Armor
45:01 Chain Barding Armor
44:41 Padded Archer Armor
44:47 Devotion
45:20 Architecture
47:56 Coinage
47:37 Guilds
48:04 Plate Barding Armor
46:54 Pikeman
46:57 Man-at-Arms
47:06 Elite Jarl
56:36 Banking
ZxHunter
6:25 Loom
11:38 Feudal Age
12:03 Double-Bit Axe
14:42 Horse Collar
19:32 Castle Age
20:44 Bow Saw
20:39 Heavy Plow
22:09 Fervor
24:14 Wheelbarrow
26:14 Hand Cart
25:49 Town Watch
27:32 Forging
27:14 Fletching
29:04 Bodkin Arrow
31:50 Imperial Age
31:33 Chemistry
31:54 Town Patrol
32:21 Ballistics
31:58 Murder Holes
32:36 Forging
32:27 Scale Mail Armor
32:13 Pikeman
33:34 Conscription
34:59 Houfnice
38:40 Two-Man Saw
38:48 Two-Man Saw
41:45 Wagenburg Tactics
42:21 Elite Skirmisher
Connection lost

Rejoining the realm…

Still unreachable

The connection could not be restored.

Session expired

The server has moved on; the page needs a fresh start.